 Dungeon Crawl Stone Soup version 0.27-a0-1219-g958d993ae5 (webtiles) character file.

Game seed: 441386600179132072

171 polve the Sneak (level 5, 0/48 HPs)
             Began as a Kobold Berserker on June 6, 2021.
             Was a Believer of Trog.
             Succumbed to an orc's poison
             ... on level 3 of the Dungeon.
             The game lasted 00:01:39 (2595 turns).

polve the Sneak (Kobold Berserker)                  Turns: 2595, Time: 00:01:39

Health: 0/48       AC:  3    Str: 14    XL:     5   Next: 81%
Magic:  5/5        EV: 15    Int:  8    God:    Trog [**....]
Gold:   39         SH:  0    Dex: 16    Spells: 4/4 levels left

rFire    . . .     SeeInvis .   a - +0 short sword
rCold    . . .     Faith    .   (shield restricted)
rNeg     . . .     Spirit   .   b - +0 animal skin
rPois    .         Reflect  .   (no helmet)
rElec    .         Harm     .   c - +0 cloak
rCorr    .         Rampage  .   (no gloves)
Will     .....                  (no boots)
Stlth    ..........             (no amulet)
HPRegen  0.16/turn              (no ring)
MPRegen  0.09/turn              (no ring)

@: berserking, lethally poisoned (0 -> -30), very quick
A: small, no large weapons, nightstalker 3
a: Renounce Religion, Berserk, Trog's Hand


You were on level 3 of the Dungeon.
You worshipped Trog.
Trog was pleased with you.
You visited 1 branch of the dungeon, and saw 3 of its levels.

You collected 39 gold pieces.

Inventory:

Hand Weapons
 a - a +0 short sword (weapon)
Armour
 b - a +0 animal skin (worn)
 c - a +0 cloak (worn)
Wands
 h - a wand of flame (9)
Scrolls
 d - 2 scrolls of noise {unknown}
 f - 2 scrolls of identify {unknown}
 g - a scroll of amnesia {unknown}
Potions
 e - a potion of ambrosia {unknown}
 i - a potion of curing {unknown}
 j - a potion of heal wounds {unknown}


   Skills:
 - Level 3.2 Fighting
 - Level 4.0 Short Blades
 - Level 1.5 Armour
 - Level 2.4 Dodging
 + Level 7.3 Stealth


You had 4 spell levels left.
You didn't know any spells.
Your spell library was empty.

Dungeon Overview and Level Annotations

Branches:
Dungeon (3/15)

Altars:


Innate Abilities, Weirdness & Mutations

You are small and have problems with some larger weapons.
You are completely attuned to the shadows.


Message History

You feel yourself moving faster!
You feel mighty!
You feel very sick. The quokka closely misses you. The orc barely misses you.
A kobold comes into view. It is wielding a +0 short sword.
The orc hits you with a +2 short sword of venom.
You are more poisoned.
You hit the orc but do no damage.
You feel very sick. The quokka misses you. The orc barely misses you.
The orc hits you with a +2 short sword of venom.
You are lethally poisoned!
You barely miss the orc.
You feel very sick.
An orc comes into view. It is wielding a +0 hand axe.
The quokka bites you but does no damage.
You hit the orc but do no damage.
You feel very sick. The orc barely misses you. x2
You hit the orc.
You kill the orc!
Trog accepts your kill.
You feel sick. The quokka misses you.
You closely miss the orc.
* * * LOW HITPOINT WARNING * * *
You feel very sick. The orc closely misses you. The quokka misses you.
You hit the orc.
The orc is severely wounded.
* * * LOW HITPOINT WARNING * * *
You feel sick.
The kobold hits you with a +0 short sword.
* * * LOW HITPOINT WARNING * * *
The quokka barely misses you.
The orc hits you with a +2 short sword of venom.
* * * LOW HITPOINT WARNING * * *
You are more poisoned.
An orc wizard comes into view. It is wielding a +0 dagger.
You closely miss the orc.
The orc is severely wounded.
You die...

#. ..#.
...#.. .
.....## o.
.....<#...
..........
...K@)o...
...ro.....
........##
........#
......#.#


You could see an orc wizard (wandering), 2 orcs, a quokka and a kobold.

Vanquished Creatures
  Natasha (thrice) (D:2)
  2 adders (D:2)
  3 gnolls (D:2)
  A worm (D:2)
  2 dart slugs
  An orc (D:3)
  4 endoplasms
  3 giant cockroaches (D:2)
  5 jackals
  4 kobolds
  3 ball pythons (D:1)
  4 bats
  A frilled lizard (D:2)
  4 goblins
  4 rats
44 creatures vanquished.

Notes
Turn   | Place    | Note
-------+----------+-------------------------------------------
     0 | D:1      | polve the Kobold Berserker began the quest for the Orb.
     0 | D:1      | Reached XP level 1. HP: 14/14 MP: 1/1
    42 | D:1      | Reached skill level 1 in Stealth
   109 | D:1      | Reached skill level 2 in Stealth
   225 | D:1      | Reached XP level 2. HP: 19/19 MP: 2/2
   385 | D:1      | Reached skill level 3 in Stealth
   796 | D:2      | Reached skill level 4 in Stealth
   796 | D:2      | Reached XP level 3. HP: 18/23 MP: 3/3
  1184 | D:2      | Reached skill level 5 in Stealth
  1184 | D:2      | Reached XP level 4. HP: 15/28 MP: 4/4
  1456 | D:2      | Noticed Natasha
  1467 | D:2      | Killed Natasha
  1468 | D:2      | Reached skill level 6 in Stealth
  1674 | D:2      | Reached XP level 5. HP: 27/32 MP: 5/5
  1693 | D:2      | Noticed Natasha
  1696 | D:2      | Killed Natasha
  1696 | D:2      | Reached ** piety under Trog
  1789 | D:2      | Noticed Natasha
  1796 | D:2      | Killed Natasha
  1797 | D:2      | Reached skill level 7 in Stealth
  2036 | D:2      | Found a faded altar of an unknown god.
  2595 | D:3      | Succumbed to an orc's poison

Illustrated notes

Levels and vault maps discovered:
D:1:      dpeg_arrival_tiny_c, layout_rooms
D:2:      layout_loops_corners, hellmonk_ecumenical_altar_crossroads,
          serial_bayou_pond_b, uniq_natasha
D:3:      layout_rooms, nicolae_yredelemnul_corpse_copse

Skill      XL: |  1  2  3  4  5 |
---------------+----------------+-----
Stealth        | 2 4 5 6 7 |  7.3
Fighting       | |  3.2
Short Blades   | |  4.0
Armour         | |  1.5
Dodging        | |  2.4

Action                   |  1- 3 |  4- 6 || total
-------------------------+-------+-------++-------
Melee: Short sword       |    55 |    61 ||   116
Invok: Berserk           |     4 |     3 ||     7
 Stab: Sleeping          |     9 |     5 ||    14
       Distracted        |       |     1 ||     1
Armor: Animal skin       |     7 |     9 ||    16
Dodge: Dodged            |    39 |    53 ||    92

Table legend: (Time is in decaauts)
 A = Elapsed time spent in this place.
 B = Non-inter-level travel time spent in this place.
 C = Inter-level travel time spent in this place.
 D = Time resting spent in this place.
 E = Time spent auto-exploring this place.
 F = Levels seen in this place.
 G = Mean time per level.
                   A        B        C        D        E       F      G
               +--------+--------+--------+--------+--------+-----+--------+
         Total |   2638 |   2599 |     39 |    262 |   2087 |   3 |  879.3 |
       Dungeon |   2638 |   2599 |     39 |    262 |   2087 |   3 |  879.3 |
               +--------+--------+--------+--------+--------+-----+--------+

Top non-repeatable levels by time:
     D:2: 1869 daAuts
     D:1: 758 daAuts
     D:3: 10 daAuts
